 Dungeon Crawl Stone Soup version 0.16-a0-2675-g216447c (webtiles) character file.

4 monstruo the Magician (level 1, -3/9 HPs)
             Began as a Gargoyle Wizard on Nov 24, 2014.
             Slain by a gnoll
             ... wielding a +0 flail
              (5 damage)
             ... on level 1 of the Dungeon.
             The game lasted 00:02:25 (542 turns).

monstruo the Magician (Gargoyle Wizard)              Turns: 542, Time: 00:02:25

Health: -3/9       AC:  4    Str: 10    XL:     1   Next: 70%
Magic:  2/4        EV:  8    Int: 18    God:
Gold:   28         SH:  6    Dex:  8    Spells: 1 memorised, 5 levels left

rFire  . . .     SeeInvis .     (no weapon)
rCold  . . .     Clarity  .     a - +0 robe
rNeg   + . .     SustAb   .     h - +0 shield
rPois  ∞         Gourm    .     b - +0 hat
rElec  +         Spirit   .     (no cloak)
rCorr  .         Warding  .     k - +0 pair of gloves
rMut   .         Stasis   .     (no boots)
MR     .....                    (no amulet)
Stlth  +.........               (no ring)
                                (no ring)

@: very slightly contaminated, not resistant to hostile enchantments, very
unstealthy
A: hooves 1, deformed body, frail 1, negative energy resistance 1, electricity
resistance, unbreathing, petrification resistance, rot immunity, AC +2
a: no special abilities


You were on level 1 of the Dungeon.
You were not hungry.

You visited 1 branch of the dungeon, and saw 1 of its levels.

You collected 28 gold pieces.

Inventory:

Armour
 a - a +0 robe (worn)
 b - a +0 hat (worn)
 h - a +0 shield (worn)
 k - a +0 pair of gloves (worn)
Scrolls
 e - 3 scrolls of identify {unknown}
 f - a scroll of recharging {unknown}
 g - 3 scrolls of remove curse {unknown}
 i - 3 scrolls of teleportation {unknown}
Books
 c - a book of Minor Magic

   Spells                             Type                      Level
   *Magic Dart                        Conjuration                  1
   Blink                              Translocation                2
   Call Imp                           Summoning                    2
   Repel Missiles                     Charms/Air                   2
   Slow                               Hexes                        2
   Conjure Flame                      Conjuration/Fire             3
   Mephitic Cloud                     Conjuration/Poison/Air       3
Comestibles
 d - a bread ration


   Skills:
 - Level 1.5 Dodging
 - Level 2.1 Stealth
 + Level 3.2 Spellcasting
 + Level 1.3 Conjurations
   Level 0.8 Summonings
   Level 0.8 Translocations


You had 5 spell levels left.
You knew the following spells:

 Your Spells              Type           Power        Failure   Level  Hunger
a - Magic Dart            Conj           #...         67%         1    None


Dungeon Overview and Level Annotations

Branches:
Dungeon (1/15)

Altars:


Innate Abilities, Weirdness & Mutations

You are resistant to torment.
You are immune to poison.
Your stone body is very resilient (AC +2).
You resist negative energy.
You are resistant to electric shocks.
You can survive without breathing.
You are immune to petrification.
You are immune to rotting.
You have large cloven feet.
Armour fits poorly on your strangely shaped body.
You are frail (-10% HP).


Message History

Aim: a gnoll, wielding a flail The magic dart hits the gnoll.
The gnoll is lightly wounded.
Casting: Magic Dart
Confirm with . or Enter, or press ? or * to list all spells.
Aiming: Magic Dart
Press: ? - help, Shift-Dir - straight line, f/p - gnoll
Aim: a gnoll, wielding a flail (lightly wounded)
You miscast Magic Dart.
You are very lightly contaminated with residual magic.
The air around you crackles with energy!
The gnoll hits you with a flail.
Ouch! That really hurt!
* * * LOW HITPOINT WARNING * * *
Drink which item? (? for menu, Esc to quit)
You feel extremely strange.
Your feet thicken and deform.
You feel frail.
Your body twists and deforms.
It was a potion of mutation.
The gnoll hits you with a flail.
Ouch! That really hurt!
You die...

#.#.##'##
#.#..#.# ###
#.##'#.# #..
#......# #.#
#......# #.#
#.....># #.#
#.####.#
#.#####.####'###
#.g@...........#
#.#####........#
#.#...#........#
#.#.#.#........#
#.#.# #........#
#...# #........#
##### #........#
#........
#..+####


You could see a gnoll.

Vanquished Creatures
  A kobold (D:1)
  A bat (D:1)
  A giant cockroach (D:1)
  3 rats (D:1)
6 creatures vanquished.

Notes
Turn   | Place    | Note
--------------------------------------------------------------
     0 | D:1      | monstruo, the Gargoyle Wizard, began the quest for the Orb.
     0 | D:1      | Reached XP level 1. HP: 10/10 MP: 4/4
   542 | D:1      | Gained mutation: You have large cloven feet. [potion of mutation]
   542 | D:1      | Gained mutation: You are frail (-10% HP). [potion of mutation]
   542 | D:1      | Gained mutation: Armour fits poorly on your strangely shaped body. [potion of mutation]
   542 | D:1      | Slain by a gnoll

Action                   || total
-------------------------++-------
Melee: Unarmed           ||    29
 Cast: Magic Dart        ||     6
  Use: Potion            ||     1
